 Dungeon Crawl Stone Soup version 0.29.1-1-gd02db6906a (webtiles) character file.

Game seed: 15168422291510472329

134 Huetiris the Chopper (level 5, -2/53 HPs)
             Began as an Ogre Gladiator on Sept 26, 2022.
             Slain by a gnoll
             ... wielding a +0 club
              (4 damage)
             ... on level 2 of the Dungeon.
             The game lasted 00:18:31 (1691 turns).

Huetiris the Chopper (Ogre Gladiator)               Turns: 1691, Time: 00:18:32

Health: -2/53      AC:  3    Str: 20    XL:     5   Next: 17%
Magic:  5/5        EV: 10    Int:  9    God:
Gold:   32         SH:  0    Dex: 10    Spells: 4/4 levels left

rFire   . . .      SeeInvis .   f - staff of death
rCold   . . .      Faith    .   (no shield)
rNeg    + . .      Spirit   .   m - +0 robe
rPois   .          Reflect  .   c - +0 hat
rElec   .          Harm     .   (no cloak)
rCorr   .          Rampage  .   (gloves unavailable)
Will    .....                   (boots unavailable)
Stlth   +.........              (no amulet)
HPRegen 0.17/turn               (no ring)
MPRegen 0.09/turn               (no ring)

@: no status effects
A: large, unfitting armour, tough skin 1
a: no special abilities


You were on level 2 of the Dungeon.
You visited 1 branch of the dungeon, and saw 4 of its levels.

You collected 32 gold pieces.

Inventory:

Hand Weapons
 a - a +0 war axe
 n - a +0 falchion
 t - a +0 falchion
Missiles
 d - 3 throwing nets
 e - a large rock
 j - 2 boomerangs (quivered)
 l - 4 poisoned darts
Armour
 b - a +0 robe
 c - a +0 hat (worn)
 k - a +0 leather armour
 m - a +0 robe (worn)
 s - a +0 scale mail
Magical Staves
 f - a staff of death (weapon)
Wands
 v - a wand of flame (10)
Scrolls
 h - a scroll of enchant weapon {unknown}
 p - 4 scrolls of teleportation {unknown}
 u - a scroll of fog {unknown}
Potions
 i - 2 potions of curing
 o - a potion of heal wounds
 q - a potion of flight {unknown}
 r - a potion of brilliance {unknown}


   Skills:
 + Level 3.6 Fighting
 + Level 4.7 Axes
 + Level 2.1 Throwing
 + Level 3.2 Dodging
 + Level 0.4 Stealth


You had 4 spell levels left.
You didn't know any spells.
Your spell library contained the following spells:

 Spells                   Type           Power      Damage    Failure   Level
 Static Discharge         Conj/Air       0%         3-3/arc   52%         2
 Lightning Bolt           Conj/Air       0%         1d11      100%        5
 Maxwell's Capacitive Co  Air            0%         ∞         100%        8


Dungeon Overview and Level Annotations

Branches:
Dungeon (4/15)
 Temple: D:4-7

Altars:
Okawaru


Innate Abilities, Weirdness & Mutations

You are too large for most types of armour.
You have tough skin. (AC +1)


Message History

There is an escape hatch in the ceiling here.
A mysterious force pulls you upwards. The hatch slams shut behind you.
The gnoll shouts! x4; The goblin shouts!
Found a spear and 5 stones.
The gnoll closely misses you.
You hit the gnoll but do no damage. The gnoll barely misses you.
The goblin hits you with a +0 club. The gnoll attacks as you move away!
The gnoll hits you with a +0 flail!
* * * LOW HITPOINT WARNING * * *
The gnoll barely misses you.
It was a potion of heal wounds.
You feel much better.
The gnoll hits you from afar with a +0 spear.
The goblin closely misses you. The gnoll hits you with a +0 flail!
You barely miss the goblin.
The gnoll hits you from afar with a +0 spear.
The goblin hits you with a +0 club. The gnoll barely misses you.
The gnoll completely misses you. The gnoll barely misses you.
The gnoll closely misses you. The gnoll barely misses you.
The goblin hits you but does no damage.
You closely miss the goblin.
The gnoll hits you from afar with a +0 spear.
The goblin hits you with a +0 club. The gnoll closely misses you.
The gnoll hits you with a +0 club.
You closely miss the goblin. The gnoll misses you. The goblin misses you.
The gnoll barely misses you. The gnoll hits you with a +0 club.
You hit the goblin but do no damage.
The gnoll hits you from afar with a +0 spear.
* * * LOW HITPOINT WARNING * * *
The goblin hits you with a +0 club.
* * * LOW HITPOINT WARNING * * *
The gnoll hits you with a +0 flail.
* * * LOW HITPOINT WARNING * * *
The gnoll hits you with a +0 club.
* * * LOW HITPOINT WARNING * * *
The gnoll hits you from afar with a +0 spear.
* * * LOW HITPOINT WARNING * * *
The goblin closely misses you. The goblin attacks as you move away!
The goblin closely misses you. The gnoll attacks as you move away!
The gnoll hits you with a +0 club.
You die...

###........
..'........
###........
###### #########
######.....#
#..........#
####..........##
..........(....
#...gg.)...#
#..@g.g....#
#...g.######
#######
############
...........#
...........#
...........#
...........#


You could see 4 gnolls and a goblin.

Vanquished Creatures
  A scorpion (D:3)
  Ijyb (D:3)
  2 adders
  2 dart slugs (D:1)
  2 ball pythons (D:1)
  3 bats
  5 endoplasms
  3 giant cockroaches
  2 goblins (D:3)
  A quokka (D:1)
  A frilled lizard (D:2)
  A kobold (D:3)
  7 rats
31 creatures vanquished.

Notes
Turn   | Place    | Note
-------+----------+-------------------------------------------
     0 | D:1      | Huetiris the Ogre Gladiator began the quest for the Orb.
     0 | D:1      | Reached XP level 1. HP: 22/22 MP: 1/1
   207 | D:1      | Reached XP level 2. HP: 24/29 MP: 2/2
   804 | D:1      | Found a faded altar of an unknown god.
  1289 | D:2      | Reached XP level 3. HP: 36/36 MP: 3/3
  1531 | D:2      | You fall into a shaft and drop 2 floors!
  1531 | D:4      | Found an iron altar of Okawaru.
  1541 | D:3      | Noticed Ijyb
  1546 | D:3      | Killed Ijyb
  1547 | D:3      | Reached skill level 4 in Axes
  1547 | D:3      | Reached XP level 4. HP: 34/45 MP: 4/4
  1603 | D:3      | Noticed a scorpion
  1622 | D:3      | Killed a scorpion
  1623 | D:3      | Reached XP level 5. HP: 12/53 MP: 5/5
  1690 | D:2      | HP: 2/53 [gnoll/+0 spear (1)]
  1691 | D:2      | Slain by a gnoll

Illustrated notes

Levels and vault maps discovered:
D:1:      mushboom_english_gardens, layout_loops_corners,
          ebering_ecumenical_altar_petrified
D:2:      layout_basic
D:3:      layout_basic, hangedman_decor_clover_reticule, uniq_ijyb, uniq_terence
D:4:      layout_cave_pools, okawaru_gym_becter, grunt_ashenzari_visionary
          [grunt_ashenzari_visionary_shoals, grunt_ashenzari_visionary_snake],
          minmay_temple_entry_overgrown

Skill      XL: |  1  2  3 |
---------------+----------+-----
Dodging        | 3 |  3.2
Fighting       | 3 |  3.6
Axes           | 4 |  4.7
Throwing       | |  2.1
Stealth        | |  0.4

Action                   |  1- 3 |  4- 6 || total
-------------------------+-------+-------++-------
Melee: War axe           |    61 |    25 ||    86
       Staff             |       |     5 ||     5
  Use: Potion            |       |     5 ||     5
 Stab: Sleeping          |     1 |     1 ||     2
Armor: Robe              |    18 |     7 ||    25
Dodge: Dodged            |    30 |    36 ||    66
